DTBL
SOUTHBAY BEANBALLERS @ WASHINGTON MOONSHINERS
09/15/2020
 
TOP OF THE 1ST
Southbay Beanballers batting - Pitching for Washington Moonshiners : RHP Zack Greinke
Pitching: RHP Zack Greinke
Batting: RHB Victor Robles 0-0: Ball
1-0: Called Strike
1-1: Foul Ball, location: 2F
1-2: Strikes out swinging
Batting: SHB Yoan Moncada 0-0: Swinging Strike
0-1: Foul Ball, location: 2F
0-2: Fly out, F8 (Line Drive, 8LM, EV 106.9 MPH)
Batting: RHB Nolan Arenado 0-0: Ball
1-0: DOUBLE (Flyball, 89XD, EV 95.6 MPH)
Batting: RHB Jorge Soler 0-0: Ball
1-0: DOUBLE (Line Drive, 9LS, EV 94.4 MPH)
Nolan Arenado scores
Batting: RHB Marcell Ozuna 0-0: Called Strike
0-1: Called Strike
0-2: Foul Ball, location: 2F
0-2: Ball
1-2: SINGLE (Groundball, 56D, EV 103.1 MPH)
Jorge Soler to third
Runner from 3rd tries for Home, SAFE, throw by LF to home
Batting: RHB Luke Voit 0-0: Ball
1-0: Fly out, F8 (Flyball, 8LS, EV 90.6 MPH)
Top of the 1st over - 2 runs, 3 hits, 0 errors, 1 left on base; Southbay 2 - Washington 0
BOTTOM OF THE 1ST
Washington Moonshiners batting - Pitching for Southbay Beanballers : LHP Hyun-jin Ryu
Pitching: LHP Hyun-jin Ryu
Batting: LHB Kyle Tucker 0-0: Ball
1-0: Foul Ball, location: 2F
1-1: Ball
2-1: Swinging Strike
2-2: Strikes out swinging
Batting: RHB Nick Senzel 0-0: Foul Ball, location: 2F
0-1: Called Strike
0-2: Ground out 1-3 (Groundball, 34S, EV 67.5 MPH)
Batting: LHB Rafael Devers 0-0: Ball
1-0: Ground out 4-3 (Groundball, 4D, EV 90.0 MPH)
Bottom of the 1st over - 0 runs, 0 hits, 0 errors, 0 left on base; Southbay 2 - Washington 0
TOP OF THE 2ND
Southbay Beanballers batting - Pitching for Washington Moonshiners : RHP Zack Greinke
Batting: RHB Mark Canha 0-0: Swinging Strike
0-1: Ground out 5-3 (Groundball, 5, EV 88.8 MPH)
Batting: RHB Bo Bichette 0-0: Ball
1-0: Ball
2-0: Called Strike
2-1: SINGLE (Groundball, 56D, EV 106.3 MPH)
Batting: RHB Carson Kelly 0-0: Foul Ball, location: 2F
0-1: Foul Ball, location: 2F
0-2: Ball
1-2: Fly out, F7 (Flyball, 7LS, EV 85.6 MPH)
Batting: RHB Victor Robles 0-0: Ball
Bo Bichette steals 2nd base (no throw)
1-0: TRIPLE (Flyball, 78XD, EV 91.9 MPH)
Bo Bichette scores
Batting: SHB Yoan Moncada 0-0: Called Strike
0-1: Ball
1-1: Foul Ball, location: 2F
1-2: Ground out U3 (Groundball, 3L, EV 91.3 MPH)
Top of the 2nd over - 1 run, 2 hits, 0 errors, 1 left on base; Southbay 3 - Washington 0
BOTTOM OF THE 2ND
Washington Moonshiners batting - Pitching for Southbay Beanballers : LHP Hyun-jin Ryu
Batting: LHB Michael Conforto 0-0: Ball
1-0: Ball
2-0: Ball
3-0: Called Strike
3-1: Foul Ball, location: 2F
3-2: SOLO HOME RUN (Flyball, 78XD, EV 109.4 MPH), Distance : 397 ft
Batting: LHB Max Muncy 0-0: Swinging Strike
0-1: Foul Ball, location: 2F
0-2: Ball
1-2: Ball
2-2: Foul Ball, location: 2F
2-2: Foul Ball, location: 2F
2-2: Foul Ball, location: 2F
2-2: Foul Ball, location: 2F
2-2: Ground out U3 (Groundball, 3, EV 89.4 MPH)
Batting: RHB Miguel Sano 0-0: Fly out, F7 (Flyball, 78M, EV 89.4 MPH)
Batting: RHB Vladimir Guerrero Jr. 0-0: Ball
1-0: Called Strike
1-1: Foul Ball, location: 2F
1-2: SINGLE (Groundball, 56D, EV 100.0 MPH)
Batting: SHB Francisco Mejia 0-0: Called Strike
0-1: Ball
1-1: Called Strike
1-2: Foul Ball, location: 2F
1-2: Strikes out swinging
Bottom of the 2nd over - 1 run, 2 hits, 0 errors, 1 left on base; Southbay 3 - Washington 1
TOP OF THE 3RD
Southbay Beanballers batting - Pitching for Washington Moonshiners : RHP Zack Greinke
Batting: RHB Nolan Arenado 0-0: Ball
1-0: Swinging Strike
1-1: Ground out 6-3 (Groundball, 6, EV 83.1 MPH)
Batting: RHB Jorge Soler 0-0: Ball
1-0: SINGLE (Groundball, 34D, EV 103.8 MPH)
Batting: RHB Marcell Ozuna 0-0: Called Strike
0-1: Ball
1-1: Ground out 4-3 (Groundball, P, EV 83.1 MPH)
Jorge Soler to second
Batting: RHB Luke Voit 0-0: Called Strike
0-1: Ball
1-1: Foul Ball, location: 2F
1-2: Ball
2-2: Ball
3-2: Foul Ball, location: 2F
3-2: Fly out, F9 (Flyball, 9S, EV 77.5 MPH)
Top of the 3rd over - 0 runs, 1 hit, 0 errors, 1 left on base; Southbay 3 - Washington 1
BOTTOM OF THE 3RD
Washington Moonshiners batting - Pitching for Southbay Beanballers : LHP Hyun-jin Ryu
Batting: RHB Paul DeJong 0-0: Ball
1-0: Foul Ball, location: 2F
1-1: Fly out, F9 (Line Drive, 9, EV 96.9 MPH)
Batting: LHB Kyle Tucker 0-0: Ball
1-0: Ground out 4-3 (Groundball, 4, EV 99.4 MPH)
Batting: RHB Nick Senzel 0-0: Called Strike
0-1: Called Strike
0-2: Ball
1-2: Ball
2-2: Foul Ball, location: 2F
2-2: Ball
3-2: SINGLE (Line Drive, 6D, EV 106.3 MPH)
Batting: LHB Rafael Devers 0-0: Ball
1-0: Ball
2-0: SINGLE (Groundball, 3D, EV 106.9 MPH)
Nick Senzel to second
Runner from 2nd tries for 3rd, SAFE, throw by RF made to third
Batting: LHB Michael Conforto 0-0: Ball
1-0: Ball
2-0: Ball
3-0: Called Strike
3-1: Base on Balls
Rafael Devers to second
Batting: LHB Max Muncy 0-0: Called Strike
0-1: Swinging Strike
0-2: Strikes out swinging
Bottom of the 3rd over - 0 runs, 2 hits, 0 errors, 3 left on base; Southbay 3 - Washington 1
TOP OF THE 4TH
Southbay Beanballers batting - Pitching for Washington Moonshiners : RHP Zack Greinke
Batting: RHB Mark Canha 0-0: Called Strike
0-1: Foul Ball, location: 2F
0-2: Foul Ball, location: 2F
0-2: Ball
1-2: Strikes out swinging
Batting: RHB Bo Bichette 0-0: Called Strike
0-1: Ball
1-1: Fly out, F8 (Flyball, 78XD, EV 94.4 MPH)
Batting: RHB Carson Kelly 0-0: Ball
1-0: Called Strike
1-1: Fly out, F9 (Flyball, 89XD, EV 86.3 MPH)
Top of the 4th over - 0 runs, 0 hits, 0 errors, 0 left on base; Southbay 3 - Washington 1
BOTTOM OF THE 4TH
Washington Moonshiners batting - Pitching for Southbay Beanballers : LHP Hyun-jin Ryu
Batting: RHB Miguel Sano 0-0: Fly out, F6 (Popup, 6M, EV 53.1 MPH)
Batting: RHB Vladimir Guerrero Jr. 0-0: Foul Ball, location: 2F
0-1: Ground out U3 (Groundball, 34S, EV 78.1 MPH)
Batting: SHB Francisco Mejia 0-0: Fly out, F4 (Popup, 4D, EV 43.8 MPH)
Bottom of the 4th over - 0 runs, 0 hits, 0 errors, 0 left on base; Southbay 3 - Washington 1
TOP OF THE 5TH
Southbay Beanballers batting - Pitching for Washington Moonshiners : RHP Zack Greinke
Batting: RHB Victor Robles 0-0: Ball
1-0: Ball
2-0: Foul Ball, location: 2F
2-1: Foul Ball, location: 2F
2-2: Ball
3-2: Fly out, F9 (Line Drive, 9, EV 96.3 MPH)
Batting: SHB Yoan Moncada 0-0: Called Strike
0-1: Called Strike
0-2: Ball
1-2: SINGLE (Line Drive, 4M, EV 98.8 MPH)
Batting: RHB Nolan Arenado 0-0: Foul Ball, location: 2F
0-1: SINGLE (Line Drive, 5L, EV 101.3 MPH)
Yoan Moncada to second
Batting: RHB Jorge Soler 0-0: Ball
Wild Pitch!
Yoan Moncada to third
Nolan Arenado to second
1-0: Ball
2-0: Ball
3-0: Swinging Strike
3-1: Foul Ball, location: 2F
3-2: Foul Ball, location: 2F
3-2: Strikes out swinging
Batting: RHB Marcell Ozuna 0-0: Ball
1-0: Foul Ball, location: 2F
1-1: Foul Ball, location: 2F
1-2: Ball
2-2: Strikes out swinging
Top of the 5th over - 0 runs, 2 hits, 0 errors, 2 left on base; Southbay 3 - Washington 1
BOTTOM OF THE 5TH
Washington Moonshiners batting - Pitching for Southbay Beanballers : LHP Hyun-jin Ryu
Batting: RHB Paul DeJong 0-0: Called Strike
0-1: Foul Ball, location: 2F
0-2: Foul Ball, location: 2F
0-2: Ground out 5-3 (Groundball, 56S, EV 65.6 MPH)
Batting: LHB Kyle Tucker 0-0: Ball
1-0: Called Strike
1-1: Ground out 1-3 (Groundball, 13S, EV 64.4 MPH)
Batting: RHB Nick Senzel 0-0: Called Strike
0-1: Swinging Strike
0-2: Ball
1-2: Ball
2-2: Ball
3-2: Strikes out swinging
Bottom of the 5th over - 0 runs, 0 hits, 0 errors, 0 left on base; Southbay 3 - Washington 1
TOP OF THE 6TH
Southbay Beanballers batting - Pitching for Washington Moonshiners : RHP Zack Greinke
Batting: RHB Luke Voit 0-0: Swinging Strike
0-1: Ball
1-1: Ball
2-1: Called Strike
2-2: Strikes out swinging
Batting: RHB Mark Canha 0-0: SINGLE (Groundball, 5S, EV 66.9 MPH) (infield hit)
Batting: RHB Bo Bichette 0-0: Called Strike
0-1: Foul Ball, location: 2F
0-2: Ball
1-2: Foul Ball, location: 2F
1-2: Ball
2-2: Ball
3-2: Fly out, F8 (Line Drive, 8RD, EV 98.1 MPH)
Batting: RHB Carson Kelly 0-0: Called Strike
0-1: Foul Ball, location: 2F
0-2: 2-RUN HOME RUN (Flyball, 7LD, EV 109.4 MPH), Distance : 396 ft
Pitching: RHP Ian Kennedy
Batting: RHB Victor Robles 0-0: Called Strike
0-1: Ball
1-1: Called Strike
1-2: Ball
2-2: Foul Ball, location: 2F
2-2: Strikes out swinging passed ball, reaches first!
Batting: SHB Yoan Moncada 0-0: Called Strike
Victor Robles steals 2nd base
0-1: Ball
1-1: Called Strike
1-2: Ball
2-2: Foul Ball, location: 2F
2-2: Strikes out looking
Top of the 6th over - 2 runs, 2 hits, 0 errors, 1 left on base; Southbay 5 - Washington 1
BOTTOM OF THE 6TH
Washington Moonshiners batting - Pitching for Southbay Beanballers : LHP Hyun-jin Ryu
Batting: LHB Rafael Devers 0-0: Ball
1-0: Swinging Strike
1-1: Ball
2-1: Ground out 4-3 (Groundball, 4, EV 86.9 MPH)
Batting: LHB Michael Conforto 0-0: Ball
1-0: Called Strike
1-1: Swinging Strike
1-2: Strikes out swinging
Batting: LHB Max Muncy 0-0: Called Strike
0-1: Ball
1-1: Ball
2-1: Ground out 6-3 (Groundball, 6MD, EV 101.9 MPH)
Bottom of the 6th over - 0 runs, 0 hits, 0 errors, 0 left on base; Southbay 5 - Washington 1
TOP OF THE 7TH
Southbay Beanballers batting - Pitching for Washington Moonshiners : RHP Ian Kennedy
Batting: RHB Nolan Arenado 0-0: Swinging Strike
0-1: Ground out 4-3 (Groundball, 4, EV 110.0 MPH)
Batting: RHB Jorge Soler 0-0: Ball
1-0: Called Strike
1-1: Ball
2-1: Foul Ball, location: 2F
2-2: Foul Ball, location: 2F
2-2: Ball
3-2: SINGLE (Groundball, 34D, EV 98.8 MPH)
Batting: RHB Marcell Ozuna 0-0: Called Strike
0-1: Ball
1-1: Called Strike
1-2: Foul Ball, location: 2F
1-2: Ball
2-2: Grounds into double play, 3-6-3 (Groundball, 3S, EV 85.0 MPH)
Top of the 7th over - 0 runs, 1 hit, 0 errors, 0 left on base; Southbay 5 - Washington 1
BOTTOM OF THE 7TH
Washington Moonshiners batting - Pitching for Southbay Beanballers : LHP Hyun-jin Ryu
Pitching: RHP Blake Treinen
Batting: RHB Miguel Sano 0-0: Called Strike
0-1: Foul Ball, location: 2F
0-2: Ball
1-2: Ball
2-2: Strikes out looking
Batting: RHB Vladimir Guerrero Jr. 0-0: Foul Ball, location: 2F
0-1: Called Strike
0-2: Ball
1-2: Fly out, F7 (Flyball, 7LD, EV 88.1 MPH)
Batting: SHB Francisco Mejia 0-0: SINGLE (Line Drive, 7S, EV 91.9 MPH)
Batting: RHB Paul DeJong 0-0: Ball
1-0: Called Strike
1-1: Ball
2-1: Ball
3-1: Called Strike
3-2: Fly out, F8 (Line Drive, 8RD, EV 92.5 MPH)
Bottom of the 7th over - 0 runs, 1 hit, 0 errors, 1 left on base; Southbay 5 - Washington 1
TOP OF THE 8TH
Southbay Beanballers batting - Pitching for Washington Moonshiners : RHP Ian Kennedy
Pitching: RHP Carlos Carrasco
Batting: RHB Luke Voit 0-0: Called Strike
0-1: Ground out 5-3 (Groundball, 56S, EV 70.0 MPH)
Batting: RHB Mark Canha 0-0: Ball
1-0: Fly out, F4 (Popup, 34S, EV 83.8 MPH)
Batting: RHB Bo Bichette 0-0: SINGLE (Groundball, 6D, EV 103.1 MPH)
Batting: RHB Carson Kelly 0-0: Ground out 1-3 (Groundball, 13S, EV 63.1 MPH)
Top of the 8th over - 0 runs, 1 hit, 0 errors, 1 left on base; Southbay 5 - Washington 1
BOTTOM OF THE 8TH
Washington Moonshiners batting - Pitching for Southbay Beanballers : RHP Blake Treinen
Batting: LHB Kyle Tucker 0-0: SINGLE (Line Drive, 9S, EV 90.0 MPH)
Pitching: LHP Will Smith
Batting: RHB Nick Senzel 0-0: Called Strike
0-1: Ball
1-1: Ball
2-1: Fielders Choice at 2nd, 6-4 (Groundball, 6, EV 90.0 MPH)
Batting: LHB Rafael Devers 0-0: Ball
1-0: Ground out U3 (Groundball, 34S, EV 81.3 MPH)
Nick Senzel to second
Batting: LHB Michael Conforto 0-0: Ball
1-0: Ball
2-0: Ball
3-0: Called Strike
3-1: Base on Balls
Batting: LHB Max Muncy 0-0: Ball
1-0: Ball
2-0: Fly out, F8 (Flyball, 8LXD, EV 90.0 MPH)
Bottom of the 8th over - 0 runs, 1 hit, 0 errors, 2 left on base; Southbay 5 - Washington 1
TOP OF THE 9TH
Southbay Beanballers batting - Pitching for Washington Moonshiners : RHP Carlos Carrasco
Batting: RHB Victor Robles 0-0: SINGLE (Flyball, 9LS, EV 95.0 MPH)
Batting: SHB Yoan Moncada 0-0: Swinging Strike
0-1: Foul Ball, location: 2F
0-2: Ball
1-2: Foul Ball, location: 2F
1-2: Ball
2-2: Strikes out swinging
Batting: RHB Nolan Arenado 0-0: Ball
1-0: Foul Ball, location: 2F
1-1: Foul Ball, location: 2F
1-2: Ball
2-2: Fly out, F7 (Flyball, 78D, EV 99.4 MPH)
Batting: RHB Jorge Soler 0-0: Called Strike
0-1: Ball
1-1: Foul Ball, location: 2F
1-2: Fly out, F8 (Flyball, 8RM, EV 84.4 MPH)
Top of the 9th over - 0 runs, 1 hit, 0 errors, 1 left on base; Southbay 5 - Washington 1
BOTTOM OF THE 9TH
Washington Moonshiners batting - Pitching for Southbay Beanballers : LHP Will Smith
Batting: RHB Miguel Sano 0-0: Called Strike
0-1: Called Strike
0-2: Strikes out swinging, 2-3 out at first.
Batting: RHB Vladimir Guerrero Jr. 0-0: Called Strike
0-1: Ball
1-1: Foul Ball, location: 2F
1-2: Ball
2-2: Ball
3-2: Foul Ball, location: 2F
3-2: Strikes out looking
Pitching: RHP Dakota Hudson
Batting: SHB Francisco Mejia 0-0: Foul Ball, location: 2F
0-1: Swinging Strike
0-2: Strikes out looking
Bottom of the 9th over - 0 runs, 0 hits, 0 errors, 0 left on base; Southbay 5 - Washington 1
Sunday, July 5th, 2020 - OOTP Baseball 21.4 Build 63